[Event "Titled Tuesday Blitz July 25 Late 2023"]
[White "Kevlishvili, Robby"]
[Black "Milikow, Yoav"]
[WhiteFideId "1040634"]
[BlackFideId "2822237"]
[WhiteElo "3011"]
[BlackElo "2760"]
[Result "1-0"]
[Round "3"]
[TimeControl "180+2"]
[Date "2023.07.25"]
[WhiteClock "0:01:20"]
[BlackClock "0:00:31"]
[Board "13"]

1. e4 e5 2. Nf3 Nc6 3. Bb5 Nf6 4. O-O Nxe4 5. Re1 Nd6 6. Nxe5 Be7 7. Bf1 Nxe5 8. Rxe5 O-O 9. Nc3 Ne8 10. Nd5 Bd6 11. Re1 c6 12. Ne3 Be7 13. Nf5 Bf6 14. Qe2 d5 15. Ne7+ Kh8 16. Nxc8 Rxc8 17. Qf3 Nc7 18. c3 Re8 19. Rxe8+ Qxe8 20. d4 Qe1 21. Rb1 Re8 22. Qd3 Qe4 23. Bd2 g6 24. a4 Kg7 25. g3 h5 26. h4 Qg4 27. Bg2 Re7 28. Bf3 Qh3 29. Re1 Rxe1+ 30. Bxe1 Ne8 31. Bd2 Nd6 32. Bf4 Qe6 33. Kg2 a5 34. Qe2 Nc4 35. b3 Qxe2 36. Bxe2 Na3 37. Bd3 b5 38. Bd6 b4 39. cxb4 1-0


[Site "https://www.chess.com"]

[Event "Titled Tuesday Blitz July 25 Late 2023"]
[White "Matinian, Nikita"]
[Black "Pranav, V"]
[WhiteFideId "24129100"]
[BlackFideId "25060783"]
[WhiteElo "2751"]
[BlackElo "3010"]
[Result "0-1"]
[Round "3"]
[TimeControl "180+2"]
[Date "2023.07.25"]
[WhiteClock "0:00:00"]
[BlackClock "0:00:15"]
[Board "14"]

1. e4 c5 2. Nf3 a6 3. c3 d5 4. exd5 Qxd5 5. d4 e6 6. c4 Qd8 7. Nc3 Nf6 8. Be2 cxd4 9. Qxd4 Bd7 10. Bg5 Nc6 11. Qh4 Be7 12. O-O-O Qa5 13. Kb1 h6 14. Bd2 Nb4 15. a3 Qf5+ 16. Ka1 Nc6 17. Qg3 Qg4 18. Qc7 Rc8 19. Qxb7 Na5 20. Qxa6 Nb3+ 21. Ka2 Nc5 22. Ne5 Qf5 23. Qa5 Qxe5 24. f4 Qb8 25. Nb5 O-O 26. Bf3 Nb7 27. Qa4 Nd6 28. Be2 Nxb5 29. cxb5 Nd5 30. Rc1 Qb7 31. Rxc8 Rxc8 32. Rc1 Ra8 33. Qb3 Bd6 34. Bf3 Bxb5 35. Kb1 Qa6 36. Bxd5 exd5 37. Qxd5 Bd3+ 38. Ka1 Bxa3 39. Qa2 Bxb2+ 0-1


[Site "https://www.chess.com"]

[Event "Titled Tuesday Blitz July 25 Late 2023"]
[White "Tristan, Leonardo"]
[Black "Santos Latasa, Jaime"]
[WhiteFideId "113816"]
[BlackFideId "2293307"]
[WhiteElo "2748"]
[BlackElo "3004"]
[Result "1-0"]
[Round "3"]
[TimeControl "180+2"]
[Date "2023.07.25"]
[WhiteClock "0:00:10"]
[BlackClock "0:01:04"]
[Board "15"]

1. d4 Nf6 2. Nf3 g6 3. Bf4 Bg7 4. e3 d6 5. Be2 O-O 6. O-O Nh5 7. Bg5 h6 8. Bh4 g5 9. Nfd2 Nf6 10. Bg3 Nc6 11. c4 e5 12. d5 Ne7 13. Nc3 Nf5 14. Qc2 h5 15. Bd3 Nxg3 16. fxg3 Ng4 17. Rae1 Nh6 18. e4 g4 19. Nd1 c6 20. Ne3 Bd7 21. dxc6 bxc6 22. c5 dxc5 23. Bc4 Kh8 24. Nb3 Qe7 25. Nf5 Nxf5 26. exf5 Rae8 27. Qf2 Qg5 28. Nxc5 Bc8 29. Ne4 Qd8 30. Rd1 Qb6 31. Qxb6 axb6 32. Nd6 e4 33. Nxe8 Rxe8 34. f6 Bh6 35. Bxf7 Rf8 36. Bxh5 e3 37. Rde1 Ba6 38. Rf4 Bxf4 39. gxf4 Rxf6 40. g3 Rd6 41. Bxg4 Rd2 42. Rxe3 Rxb2 43. Rb3 Rxa2 44. Rxb6 Ra1+ 45. Kg2 Bc4 46. Bf3 Ra2+ 47. Kh3 Bf1+ 48. Kg4 c5 49. Rc6 c4 50. Bd5 Rc2 51. Kg5 c3 52. h4 Rd2 53. Kh6 1-0


[Site "https://www.chess.com"]

[Event "Titled Tuesday Blitz July 25 Late 2023"]
[White "Martinez Alcantara, Jose Eduardo"]
[Black "Tanenbaum, Zachary"]
[WhiteFideId "3805662"]
[BlackFideId "2060850"]
[WhiteElo "2997"]
[BlackElo "2744"]
[Result "1-0"]
[Round "3"]
[TimeControl "180+2"]
[Date "2023.07.25"]
[WhiteClock "0:00:09"]
[BlackClock "0:00:02"]
[Board "16"]

1. e4 e5 2. Nf3 Nc6 3. Nc3 Nf6 4. h3 Bb4 5. a3 Bxc3 6. dxc3 Nxe4 7. Nxe5 Nxe5 8. Qd5 O-O 9. Qxe4 Re8 10. Be3 d5 11. Qf4 Ng6 12. Qd4 b6 13. O-O-O Be6 14. h4 c5 15. Qd2 Ne5 16. h5 h6 17. Bf4 Nc4 18. Qd3 Qf6 19. Qg3 b5 20. b3 Nxa3 21. Be5 Qg5+ 22. Kb2 Qxg3 23. Bxg3 b4 24. Bd6 Rac8 25. cxb4 cxb4 26. Bd3 a5 27. Rde1 Rc6 28. Be5 Rec8 29. Re2 a4 30. Rh4 axb3 31. cxb3 Rb6 32. Re1 Kf8 33. Rf4 Kg8 34. Rh4 Kf8 35. f4 d4 36. f5 Rc3 37. fxe6 Rxd3 38. Rxd4 Rxd4 39. Bxd4 Rxe6 40. Bc5+ Ke8 41. Rxe6+ fxe6 42. Bxb4 Nb5 43. Bc5 Kf7 44. Kc2 g6 45. hxg6+ Kxg6 46. Kd3 Kf5 47. Kc4 Nc7 48. b4 e5 49. Bd6 Ne6 50. b5 e4 51. b6 Nd8 52. Kd4 Ke6 53. Bf4 Kf5 54. Bxh6 Nc6+ 55. Kd5 Na5 56. Bd2 Nb7 57. Kc6 Nd8+ 58. Kd5 Nb7 59. Be3 Na5 60. Bc5 Nb7 61. Bf2 Na5 62. Be1 Nb7 63. Kc6 Nd8+ 64. Kd7 Nb7 65. Bb4 e3 66. Kc7 Nc5 67. Bxc5 e2 68. Bf2 Ke4 69. Be1 Kd5 70. b7 1-0


[Site "https://www.chess.com"]

[Event "Titled Tuesday Blitz July 25 Late 2023"]
[White "Koellner, Ruben Gideon"]
[Black "Sargsyan, Shant"]
[WhiteFideId "12993093"]
[BlackFideId "13306766"]
[WhiteElo "2715"]
[BlackElo "2993"]
[Result "0-1"]
[Round "3"]
[TimeControl "180+2"]
[Date "2023.07.25"]
[WhiteClock "0:00:00"]
[BlackClock "0:01:01"]
[Board "17"]

1. d4 e6 2. Nf3 b6 3. Nbd2 Bb7 4. e4 c5 5. c3 Nf6 6. Bd3 cxd4 7. cxd4 Nc6 8. a3 Be7 9. O-O O-O 10. Qe2 d6 11. b4 Rc8 12. Bb2 Nh5 13. g3 Nf6 14. Rfe1 h6 15. Rad1 Nb8 16. e5 Nd5 17. Ne4 a6 18. h4 Bc6 19. Kh2 Ba4 20. Rc1 Rxc1 21. Rxc1 Qd7 22. exd6 Bxd6 23. Nxd6 Qxd6 24. Qe4 Nf6 25. Qe5 Qd5 26. Qxd5 Nxd5 27. Ne5 Rd8 28. Be4 f6 29. Nc4 Nd7 30. Ne3 Bb3 31. Rc6 Kf7 32. Rd6 Ke7 33. Bxd5 Bxd5 34. Rxd5 exd5 35. Nxd5+ Kf7 36. Kg2 b5 37. Nc7 Nb6 38. Nxa6 Nc4 39. Bc3 Nxa3 40. Kf3 Ke6 41. Ke4 f5+ 42. Kd3 Rc8 43. d5+ Kxd5 44. Bxg7 h5 45. Nc5 Nc4 46. Nb3 Ra8 47. Bc3 Ne5+ 48. Kc2 Ra2+ 49. Kb1 Rxf2 50. Nd4 Kc4 0-1


[Site "https://www.chess.com"]

[Event "Titled Tuesday Blitz July 25 Late 2023"]
[White "He, Anthony"]
[Black "Yanchenko, Roman"]
[WhiteFideId "2088215"]
[BlackFideId "4137329"]
[WhiteElo "2988"]
[BlackElo "2715"]
[Result "0-1"]
[Round "3"]
[TimeControl "180+2"]
[Date "2023.07.25"]
[WhiteClock "0:00:18"]
[BlackClock "0:00:11"]
[Board "18"]

1. d4 d5 2. Nc3 Nf6 3. Bf4 c6 4. e3 Bf5 5. Nf3 h6 6. Ne5 Nbd7 7. g4 Bh7 8. h4 Nxe5 9. Bxe5 Ne4 10. Nxe4 Bxe4 11. f3 Bg6 12. Bd3 Bxd3 13. Qxd3 e6 14. O-O-O Qa5 15. Kb1 Qb5 16. Qd2 f6 17. Bg3 O-O-O 18. e4 Bd6 19. Bf2 Bc7 20. Rhe1 Rhe8 21. c3 a6 22. Qc2 Bf4 23. e5 fxe5 24. dxe5 g5 25. a4 Qa5 26. Qb3 c5 27. Qa3 c4 28. hxg5 hxg5 29. Rh1 Bxe5 30. Bc5 Rd7 31. Rh5 Bf4 32. Rh6 Qc7 33. Re1 b6 34. Bf2 Bd6 35. Qa1 Rde7 36. Ka2 Bc5 37. Bxc5 bxc5 38. Qc1 Qc6 39. Qxg5 Rb7 40. Kb1 d4 41. Re5 Qxf3 42. Rxc5+ Kb8 43. Qe5+ Ka8 44. Qxd4 Qe2 45. Rb5 axb5 46. a5 Qd3+ 47. Qxd3 cxd3 48. Kc1 b4 49. c4 b3 50. Kd2 Rd7 51. g5 Rf8 52. g6 Rf2+ 53. Kd1 d2 54. Rh1 Rg2 55. c5 Rxg6 56. c6 Rc7 57. Rh3 Rg2 58. Rc3 Ka7 59. Rxb3 Rxc6 60. Rd3 Rc1# 0-1


[Site "https://www.chess.com"]

[Event "Titled Tuesday Blitz July 25 Late 2023"]
[White "Alex_Sahakyan2006"]
[Black "Xiong, Jeffery"]
[BlackFideId "2047640"]
[WhiteElo "2714"]
[BlackElo "2979"]
[Result "1-0"]
[Round "3"]
[TimeControl "180+2"]
[Date "2023.07.25"]
[WhiteClock "0:00:29"]
[BlackClock "0:00:27"]
[Board "19"]

1. d4 d5 2. c4 e6 3. Nc3 Nf6 4. Nf3 dxc4 5. e4 b5 6. Nxb5 Nxe4 7. Qa4 c6 8. Nc3 Nd6 9. Ne5 Be7 10. Nxc4 Nf5 11. Ne5 Qxd4 12. Qxd4 Nxd4 13. Bd3 O-O 14. Be3 Rd8 15. O-O-O f6 16. Bxd4 Rxd4 17. Nf3 Rd8 18. Bc4 Kf7 19. Rhe1 Rxd1+ 20. Kxd1 Na6 21. Nd4 Nc7 22. Nxc6 Bc5 23. Ne4 Bf8 24. Nd8+ Ke8 25. Nc6 Bd7 26. Nd4 e5 27. Nb3 Ne6 28. g3 a5 29. f4 a4 30. Nbd2 Nd4 31. fxe5 fxe5 32. Nf2 Ra5 33. Nd3 Bd6 34. Ne4 Bc7 35. Nc3 Bg4+ 36. Kc1 Rc5 37. Nxc5 1-0


[Site "https://www.chess.com"]

[Event "Titled Tuesday Blitz July 25 Late 2023"]
[White "Anton Guijarro, David"]
[Black "Jaracz, Pawel"]
[WhiteFideId "2285525"]
[BlackFideId "1102222"]
[WhiteElo "2979"]
[BlackElo "2693"]
[Result "1-0"]
[Round "3"]
[TimeControl "180+2"]
[Date "2023.07.25"]
[WhiteClock "0:00:04"]
[BlackClock "0:00:00"]
[Board "20"]

1. d4 Nf6 2. Nf3 e6 3. Bg5 h6 4. Bxf6 Qxf6 5. e4 d6 6. Nc3 Qd8 7. a4 Nd7 8. a5 a6 9. h4 g6 10. Bc4 Bg7 11. Qe2 Qe7 12. O-O c6 13. Rfe1 e5 14. d5 Nf6 15. dxc6 bxc6 16. Na4 Bg4 17. Nb6 Ra7 18. Qe3 O-O 19. Nh2 h5 20. g3 Bh3 21. Rad1 Kh7 22. Nf3 Bh6 23. Ng5+ Kg7 24. Qa3 Bxg5 25. hxg5 Ng4 26. f3 Qxg5 27. fxg4 Bxg4 28. Rxd6 h4 29. Qe3 Qh5 30. Rd2 f5 31. exf5 Rxf5 32. Rf2 Bf3 33. Rxf3 Rxf3 34. Qxe5+ Qxe5 35. Rxe5 Rxg3+ 36. Kh2 g5 37. Re2 g4 38. Bd3 Kf6 39. Nc4 Rh3+ 40. Kg2 Rg3+ 41. Kh2 Kg5 42. Nd6 Rh3+ 43. Kg1 Kf4 44. Rf2+ Ke5 45. Nf7+ Kd5 46. Ng5 Rg3+ 47. Kh2 Re7 48. Rd2 Ree3 49. Bxa6+ Kc5 50. Bd3 Kb4 51. a6 Re7 52. Ne4 Re3 53. Nd6 1-0


[Site "https://www.chess.com"]

[Event "Titled Tuesday Blitz July 25 Late 2023"]
[White "Goltsev, Dmitry"]
[Black "Kollars, Dmitrij"]
[WhiteFideId "24176710"]
[BlackFideId "12909572"]
[WhiteElo "2690"]
[BlackElo "2978"]
[Result "0-1"]
[Round "3"]
[TimeControl "180+2"]
[Date "2023.07.25"]
[WhiteClock "0:00:04"]
[BlackClock "0:00:20"]
[Board "21"]

1. e4 e5 2. Nf3 Nc6 3. Bb5 a6 4. Ba4 Nf6 5. O-O Bc5 6. Nxe5 Nxe5 7. d4 b5 8. dxe5 Nxe4 9. Bb3 Bb7 10. Bd5 Nxf2 11. Rxf2 Bxf2+ 12. Kxf2 Qh4+ 13. Kf1 Bxd5 14. Qxd5 c6 15. Qc5 Qxh2 16. Nc3 Qh1+ 17. Kf2 Qh4+ 18. Kf1 f6 19. e6 dxe6 20. Qxc6+ Kf7 21. Be3 Rhd8 22. Kg1 Qc4 23. Qxc4 bxc4 24. Rd1 Rxd1+ 25. Nxd1 e5 26. b3 Rc8 27. b4 Ke6 28. Nc3 Rb8 29. Bc5 f5 30. a4 g5 31. b5 axb5 32. axb5 h5 33. b6 h4 34. Bf2 g4 35. Na4 g3 36. Bc5 Kd5 37. Kf1 Kc6 38. Be7 Ra8 39. Nc3 Ra1+ 40. Ke2 h3 41. gxh3 g2 42. Bc5 Kxc5 43. b7 g1=Q 44. b8=Q Qg2+ 45. Ke3 f4# 0-1


[Site "https://www.chess.com"]

[Event "Titled Tuesday Blitz July 25 Late 2023"]
[White "Boyer, Mahel"]
[Black "Matlakov, Maxim"]
[WhiteFideId "45102422"]
[BlackFideId "4168003"]
[WhiteElo "2682"]
[BlackElo "2975"]
[Result "0-1"]
[Round "3"]
[TimeControl "180+2"]
[Date "2023.07.25"]
[WhiteClock "0:00:05"]
[BlackClock "0:00:43"]
[Board "22"]

1. e4 c6 2. Nf3 d5 3. e5 Bf5 4. Be2 e6 5. d4 Nd7 6. O-O Bg6 7. Nbd2 Nh6 8. Nb3 Nf5 9. a4 Be7 10. a5 a6 11. c4 dxc4 12. Bxc4 O-O 13. Qe2 Rc8 14. Rd1 Qc7 15. g4 Nh4 16. Nxh4 Bxh4 17. Bf4 Be7 18. Bg3 Rcd8 19. f4 b5 20. axb6 Nxb6 21. Bxa6 Nd5 22. Bd3 Bxd3 23. Qxd3 Rb8 24. Rdc1 Rb6 25. Na5 Rfb8 26. b3 h6 27. Ra4 Qd7 28. Rac4 Nb4 29. Qe4 Bf8 30. f5 Rc8 31. Bf4 Ra6 32. Bd2 c5 33. Nb7 Nd5 34. Nxc5 Bxc5 35. dxc5 Ra2 36. c6 Qa7+ 37. Qd4 Qa3 38. c7 Qxb3 39. f6 Qf3 40. fxg7 Qe2 41. Qf2 Qxf2+ 42. Kxf2 Rxd2+ 43. Kg3 Kxg7 44. Rc5 Rb2 45. Kh4 Rxh2+ 46. Kg3 Rb2 47. Kh4 Rb7 48. Rf1 Rbxc7 49. Ra5 Rc2 50. Ra7 R8c7 51. Ra3 R7c3 52. Ra7 Rh2# 0-1


[Site "https://www.chess.com"]

[Event "Titled Tuesday Blitz July 25 Late 2023"]
[White "Svane, Rasmus"]
[Black "Velikanov, Alexander"]
[WhiteFideId "4657101"]
[BlackFideId "2039290"]
[WhiteElo "2975"]
[BlackElo "2677"]
[Result "1-0"]
[Round "3"]
[TimeControl "180+2"]
[Date "2023.07.25"]
[WhiteClock "0:01:36"]
[BlackClock "0:00:38"]
[Board "23"]

1. Nf3 g6 2. d4 Bg7 3. e4 d6 4. Bd3 Nf6 5. O-O O-O 6. h3 Nc6 7. c3 e5 8. Re1 Nh5 9. Be3 Nf4 10. Bxf4 exf4 11. Qd2 g5 12. a4 Qf6 13. Na3 h5 14. e5 Qh6 15. exd6 cxd6 16. Nb5 g4 17. hxg4 hxg4 18. Nh2 Bf6 19. Nc7 Kg7 20. Ne8+ Rxe8 21. Rxe8 Nxd4 22. cxd4 Bxd4 23. Bf5 Bxf2+ 24. Qxf2 g3 25. Qd4+ 1-0


[Site "https://www.chess.com"]

[Event "Titled Tuesday Blitz July 25 Late 2023"]
[White "Salimova, Nurgyul"]
[Black "Tari, Aryan"]
[WhiteFideId "2915138"]
[BlackFideId "1510045"]
[WhiteElo "2672"]
[BlackElo "2944"]
[Result "1-0"]
[Round "3"]
[TimeControl "180+2"]
[Date "2023.07.25"]
[WhiteClock "0:00:06"]
[BlackClock "0:00:00"]
[Board "24"]

1. e4 c6 2. d4 d5 3. Nc3 dxe4 4. Nxe4 Nf6 5. Nxf6+ exf6 6. c3 Bd6 7. Bd3 O-O 8. Ne2 Re8 9. Qc2 h5 10. Be3 Nd7 11. O-O-O b5 12. d5 c5 13. Bxb5 Rb8 14. Bc6 Re7 15. Ng3 Ne5 16. c4 h4 17. Ne4 Rb4 18. b3 Nxc4 19. bxc4 Ba6 20. Nxd6 Qxd6 21. Bb5 Re4 22. Bxa6 Qxa6 23. Qxe4 Rxc4+ 24. Qxc4 Qxc4+ 25. Kb2 Qb4+ 26. Kc2 Qc4+ 27. Kb2 Qb4+ 28. Kc1 c4 29. d6 c3 30. Kc2 Qb2+ 31. Kd3 c2 32. d7 cxd1=Q+ 33. Rxd1 Qb5+ 34. Kc2 Qa4+ 35. Kc1 Qa3+ 36. Kd2 Qa5+ 37. Ke2 Qd8 38. Bxa7 Kh7 39. Bb6 Qxb6 40. d8=Q Qe6+ 41. Kf1 g6 42. Qd2 h3 43. f3 hxg2+ 44. Kxg2 Kg7 45. Re1 Qa6 46. Qe2 Qa4 47. h3 g5 48. Rf1 Qb4 49. Rf2 Qb7 50. Qe4 Qa7 51. h4 Qa5 52. hxg5 fxg5 53. f4 g4 54. Qe5+ 1-0


[Site "https://www.chess.com"]

[Event "Titled Tuesday Blitz July 25 Late 2023"]
[White "Manukyan, Sargis A."]
[Black "Sjugirov, Sanan"]
[WhiteFideId "13303970"]
[BlackFideId "4189302"]
[WhiteElo "2666"]
[BlackElo "2929"]
[Result "0-1"]
[Round "3"]
[TimeControl "180+2"]
[Date "2023.07.25"]
[WhiteClock "0:00:38"]
[BlackClock "0:00:37"]
[Board "26"]

1. d4 Nf6 2. c4 e6 3. Nc3 Bb4 4. a3 Bxc3+ 5. bxc3 b6 6. e3 Bb7 7. f3 d6 8. Bd3 Nfd7 9. Ne2 Qh4+ 10. Ng3 Qe7 11. O-O h5 12. Ne2 Nc6 13. e4 h4 14. a4 Na5 15. h3 Ba6 16. c5 Bxd3 17. Qxd3 dxc5 18. Bf4 Rc8 19. Qa6 O-O 20. Rfd1 e5 21. Be3 exd4 22. cxd4 Nb3 23. Rab1 Nxd4 24. Nxd4 cxd4 25. Rxd4 Nc5 26. Qc4 Ne6 27. Rd5 c6 28. Rd3 Rfd8 29. a5 Rxd3 30. Qxd3 Rd8 31. Qa6 Qa3 32. Bf2 Qa2 33. Qf1 Qxa5 34. Ra1 Qg5 35. Rxa7 c5 36. Rb7 Nf4 37. Be3 Rd1 38. Bxf4 Rxf1+ 39. Kxf1 Qxf4 40. e5 Qxe5 41. f4 Qxf4+ 42. Kg1 Qe3+ 43. Kh2 Qe5+ 44. g3 Qxg3+ 45. Kh1 Qxh3+ 46. Kg1 Qg3+ 47. Kh1 Qf3+ 48. Kh2 Qxb7 0-1


[Site "https://www.chess.com"]

[Event "Titled Tuesday Blitz July 25 Late 2023"]
[White "Ibarra Jerez, Jose Carlos"]
[Black "Wieczorek, Oskar"]
[WhiteFideId "2226332"]
[BlackFideId "1133950"]
[WhiteElo "2915"]
[BlackElo "2660"]
[Result "0-1"]
[Round "3"]
[TimeControl "180+2"]
[Date "2023.07.25"]
[WhiteClock "0:00:00"]
[BlackClock "0:00:05"]
[Board "27"]

1. e4 c5 2. Nf3 e6 3. d4 cxd4 4. Nxd4 Nf6 5. Nc3 d6 6. Be3 a6 7. f3 h5 8. Bc4 Nc6 9. Bb3 Bd7 10. O-O Be7 11. Nxc6 Bxc6 12. a4 Qc7 13. a5 Nd7 14. Na4 Rc8 15. Nb6 Nxb6 16. axb6 Qd7 17. Qd2 Bb5 18. Rfd1 Bc4 19. Ba4 Bb5 20. b3 Bf6 21. Bd4 Bxd4+ 22. Qxd4 e5 23. Qb4 Bxa4 24. Rxa4 Rxc2 25. Rxd6 Qe7 26. Rxa6 O-O 27. Ra1 Qg5 28. g3 Qe3+ 0-1


[Site "https://www.chess.com"]

[Event "Titled Tuesday Blitz July 25 Late 2023"]
[White "Bernabeu Lopez, Carlos Javier"]
[Black "demon64fields"]
[WhiteFideId "2235366"]
[WhiteElo "2656"]
[BlackElo "2906"]
[Result "1/2-1/2"]
[Round "3"]
[TimeControl "180+2"]
[Date "2023.07.25"]
[WhiteClock "0:00:31"]
[BlackClock "0:00:06"]
[Board "28"]

1. e4 g6 2. d4 Bg7 3. Nc3 c6 4. Be3 d5 5. e5 f6 6. f4 Nh6 7. Nf3 Bg4 8. Be2 O-O 9. O-O Nf5 10. Bf2 Bh6 11. g3 Nd7 12. Kg2 fxe5 13. Nxe5 Nxe5 14. fxe5 Bxe2 15. Qxe2 e6 16. g4 Nh4+ 17. Bxh4 Qxh4 18. h3 Rf4 19. Rxf4 Bxf4 20. Qd3 Rf8 21. Rf1 Bh6 22. Rxf8+ Kxf8 23. Nd1 Qe1 24. Qf3+ Kg8 25. Nf2 Bg5 26. Nd3 Qb1 27. Qf2 b6 28. a3 Qd1 29. Nb4 c5 30. dxc5 bxc5 31. Nc6 d4 32. b3 Kg7 33. Nxa7 h5 34. gxh5 Qxh5 35. Nc6 Bh4 36. Qf3 Qg5+ 37. Kh2 Qd2+ 38. Qg2 Qf4+ 39. Kg1 Bg3 40. Qf1 Qe3+ 41. Kg2 Bf4 42. Qf3 Qc1 43. Nd8 Qxc2+ 44. Kg1 Be3+ 45. Kf1 Qb1+ 46. Ke2 Qc2+ 47. Kf1 Qxb3 48. Qf6+ Kh6 49. Qh4+ Kg7 50. Qf6+ Kh7 51. Qe7+ Kh6 52. Qh4+ Kg7 53. Qf6+ 1/2-1/2


[Site "https://www.chess.com"]

[Event "Titled Tuesday Blitz July 25 Late 2023"]
[White "Taghizadeh, Rayan"]
[Black "Maksimovic, Bojan"]
[WhiteFideId "2054019"]
[BlackFideId "14408120"]
[WhiteElo "2634"]
[BlackElo "2895"]
[Result "0-1"]
[Round "3"]
[TimeControl "180+2"]
[Date "2023.07.25"]
[WhiteClock "0:00:04"]
[BlackClock "0:00:12"]
[Board "29"]

1. e4 c5 2. Nf3 e6 3. d4 cxd4 4. Qxd4 Nc6 5. Qe3 Nf6 6. Bb5 Qa5+ 7. Nc3 Bb4 8. Bxc6 dxc6 9. Bd2 Qb6 10. Qe2 O-O 11. O-O Qc7 12. e5 Nd7 13. Nb5 cxb5 14. Bxb4 Re8 15. Qxb5 a6 16. Qe2 b5 17. Bd6 Qb6 18. Qe3 Qxe3 19. fxe3 Bb7 20. Nd4 Rac8 21. a4 b4 22. a5 Nc5 23. Rfd1 Be4 24. Rd2 g5 25. Rf1 Kg7 26. g3 h6 27. h4 Bg6 28. Kh2 Ne4 29. Rdd1 Nc5 30. Rf2 Kg8 31. Kh3 Kg7 32. g4 Kg8 33. h5 Ne4 34. Rf3 Bh7 35. Bxb4 f6 36. exf6 Kf7 37. Rff1 Red8 38. Nf3 Rxd1 39. Ne5+ Ke8 40. Rxd1 Bg8 41. Rf1 Bf7 42. c3 Rd8 43. Be7 Rd2 44. Nf3 Rxb2 45. Nd4 e5 46. Nf5 Bc4 47. Re1 Nf2+ 48. Kg3 Ne4+ 49. Kf3 Bd5 50. Rd1 Nxf6+ 51. e4 Bxe4+ 52. Ke3 Bxf5 53. Bxf6 Bxg4 54. Rd8+ Kf7 55. Bxe5 Bxh5 56. Rd7+ Ke6 57. Rh7 Kxe5 58. Rxh6 Bd1 59. Rxa6 Re2+ 60. Kd3 g4 61. Rg6 Kf5 62. Rg8 Ra2 63. Rf8+ Kg5 64. Rg8+ Kf4 65. Ra8 Be2+ 66. Kd4 g3 67. Rf8+ Kg4 68. Ke3 Bd1 69. Rg8+ Kh4 70. Rh8+ Bh5 71. Ra8 g2 72. Rg8 Kh3 73. a6 Rxa6 74. Kf2 Rf6+ 0-1


[Site "https://www.chess.com"]

[Event "Titled Tuesday Blitz July 25 Late 2023"]
[White "Grigoriants, Sergey"]
[Black "Danielyan, Vahe"]
[WhiteFideId "4130804"]
[BlackFideId "13304828"]
[WhiteElo "2894"]
[BlackElo "2631"]
[Result "0-1"]
[Round "3"]
[TimeControl "180+2"]
[Date "2023.07.25"]
[WhiteClock "0:00:00"]
[BlackClock "0:01:14"]
[Board "30"]

1. d4 Nf6 2. c4 g6 3. f3 d6 4. e4 Bg7 5. Nc3 O-O 6. Bg5 c6 7. Qd2 a6 8. h4 b5 9. g4 Nbd7 10. h5 e5 11. d5 b4 12. Nd1 cxd5 13. cxd5 a5 14. Bb5 Nc5 15. Nf2 Ba6 16. Bxa6 Rxa6 17. Rc1 Qb6 18. Ne2 Qb5 19. Kf1 a4 20. Kg2 a3 21. b3 Ra7 22. Rc4 Rb8 23. Be3 Rc7 24. hxg6 fxg6 25. Rhc1 Bf8 26. R1c2 Rf7 27. Nd3 Nxd3 28. Qxd3 Qd7 29. Ng3 h5 30. gxh5 Nxh5 31. Qd2 Nf4+ 32. Bxf4 Rxf4 33. Rc7 Qd8 34. Ra7 Qf6 35. Qd3 Rh4 36. Rcc7 Qh8 37. Nf1 Rh1 38. Qe3 Qh3+ 39. Kf2 Qxf1+ 0-1


[Site "https://www.chess.com"]

[Event "Titled Tuesday Blitz July 25 Late 2023"]
[White "Sochacki, Christophe"]
[Black "Rodrigue-Lemieux, Shawn"]
[WhiteFideId "662569"]
[BlackFideId "2620049"]
[WhiteElo "2627"]
[BlackElo "2893"]
[Result "0-1"]
[Round "3"]
[TimeControl "180+2"]
[Date "2023.07.25"]
[WhiteClock "0:00:00"]
[BlackClock "0:00:58"]
[Board "31"]

1. c4 h5 2. Nc3 h4 3. d4 a5 4. h3 e6 5. Nf3 Bb4 6. Bg5 Be7 7. Bf4 g5 8. Be5 Rh6 9. e4 b6 10. Bh2 Bb7 11. Qd2 d6 12. Bd3 Nd7 13. O-O-O a4 14. Kb1 a3 15. b3 c5 16. Nb5 Qb8 17. Nxg5 cxd4 18. Nxd4 Nc5 19. Bc2 Rg6 20. Ndf3 e5 21. Rhe1 Qd8 22. Nxf7 Kxf7 23. Bxe5 dxe5 24. Nxe5+ Kg7 25. Qc3 Bf6 26. Rxd8 Rxd8 27. f4 Rxg2 28. Qb4 Rdd2 29. Qxb6 Rxc2 30. Qxc5 Rb2+ 31. Kc1 Rxa2 32. Qd4 Rgb2 33. Rg1+ Kh7 34. Qd7+ Ne7 35. Rg7+ Bxg7 0-1


[Site "https://www.chess.com"]

[Event "Titled Tuesday Blitz July 25 Late 2023"]
[White "Lenderman, Aleksandr"]
[Black "Graif, William"]
[WhiteFideId "2021285"]
[BlackFideId "2609835"]
[WhiteElo "2885"]
[BlackElo "2561"]
[Result "1-0"]
[Round "3"]
[TimeControl "180+2"]
[Date "2023.07.25"]
[WhiteClock "0:01:08"]
[BlackClock "0:00:00"]
[Board "32"]

1. Nf3 d5 2. b3 Nf6 3. Bb2 e6 4. c4 b6 5. cxd5 exd5 6. e3 Bb7 7. Nc3 Nbd7 8. g3 d4 9. Nb5 dxe3 10. fxe3 a6 11. Nbd4 Ne5 12. Nxe5 Bxh1 13. Qc2 c5 14. Ndf3 Be7 15. Bc4 O-O 16. Ng5 Bd5 17. Ng4 g6 18. Nh6+ Kg7 19. Nf5+ Kg8 20. Bxd5 gxf5 21. Bxa8 Qxa8 22. Qxf5 Qh1+ 23. Ke2 1-0


[Site "https://www.chess.com"]

[Event "Titled Tuesday Blitz July 25 Late 2023"]
[White "Attacker_2006"]
[Black "Fressinet, Laurent"]
[BlackFideId "608742"]
[WhiteElo "2550"]
[BlackElo "2884"]
[Result "0-1"]
[Round "3"]
[TimeControl "180+2"]
[Date "2023.07.25"]
[WhiteClock "0:00:11"]
[BlackClock "0:01:18"]
[Board "33"]

1. e4 c5 2. Nf3 Nc6 3. Bc4 g6 4. c3 Bg7 5. O-O Nf6 6. e5 Nh5 7. d4 d5 8. exd6 Qxd6 9. Ng5 O-O 10. Ne4 Qc7 11. Nxc5 e5 12. Be3 exd4 13. cxd4 Nxd4 14. Bxd4 Rd8 15. Nb3 Bxd4 16. Qc2 Bf5 17. Qc1 Rac8 18. Na3 Bg7 19. Be2 Qxc1 20. Raxc1 Rxc1 21. Nxc1 Nf4 22. Bf3 Bxb2 23. Nc4 Bxc1 24. Rxc1 Rc8 25. Bxb7 Ne2+ 26. Kf1 Nxc1 27. Bxc8 Bxc8 0-1


[Site "https://www.chess.com"]

[Event "Titled Tuesday Blitz July 25 Late 2023"]
[White "Cnejev, Vladimir-Alexandru"]
[Black "Rasulov, Vugar"]
[WhiteFideId "1260898"]
[BlackFideId "13402390"]
[WhiteElo "2540"]
[BlackElo "2878"]
[Result "1/2-1/2"]
[Round "3"]
[TimeControl "180+2"]
[Date "2023.07.25"]
[WhiteClock "0:00:12"]
[BlackClock "0:00:20"]
[Board "34"]

1. e4 c5 2. Nf3 Nc6 3. Bb5 e6 4. Bxc6 bxc6 5. d3 Ne7 6. h4 d6 7. h5 h6 8. O-O e5 9. Nh2 g5 10. hxg6 Nxg6 11. Qh5 Qh4 12. Qxh4 Nxh4 13. g3 Ng6 14. f4 exf4 15. gxf4 Rg8 16. Kh1 Rb8 17. Nc3 Nh4 18. Rg1 Rxg1+ 19. Kxg1 Bg7 20. Kf2 Ng6 21. Nf3 h5 22. e5 dxe5 23. fxe5 Nxe5 24. Bf4 Rxb2 25. Bxe5 Rxc2+ 26. Ne2 Bxe5 27. Nxe5 f6 28. Nf3 Bg4 29. a4 c4 30. Nd4 Rb2 31. dxc4 c5 32. Nf3 Rc2 33. Rc1 Ra2 34. Ke3 Rxa4 35. Rc3 a5 36. Ng3 f5 37. Kf4 Rb4 38. Nxf5 a4 39. Ne5 Rb3 40. Rxb3 axb3 41. Nd3 Be2 42. Nb2 Kd7 43. Ng3 Bg4 44. Kg5 Ke6 45. Nxh5 Bxh5 46. Kxh5 Kf5 47. Kh4 Ke4 48. Kg3 Kd4 49. Kf3 Kc3 50. Nd1+ Kd2 51. Nb2 Kc3 52. Nd1+ Kc2 53. Ke2 b2 54. Nxb2 Kxb2 55. Kd3 Kb3 56. Kd2 Kb4 57. Kd3 Ka3 58. Kd2 Kb2 59. Kd3 Kb3 60. Kd2 Kxc4 61. Kc2 Kb4 62. Kb2 Kc4 63. Kc2 Kd4 64. Kd2 c4 65. Kc2 Kc5 66. Kc3 Kb5 67. Kc2 Kb4 68. Kb2 c3+ 69. Kc2 Kc4 70. Kc1 Kb3 71. Kb1 Kb4 72. Kc1 Kc4 73. Kc2 Kd4 74. Kc1 Kc5 75. Kc2 Kc4 76. Kc1 Kd3 77. Kd1 Kd4 78. Kc2 Kc4 1/2-1/2


[Site "https://www.chess.com"]

[Event "Titled Tuesday Blitz July 25 Late 2023"]
[White "To, Nhat Minh"]
[Black "Zhigalko, Sergei"]
[WhiteFideId "729019"]
[BlackFideId "13502956"]
[WhiteElo "2533"]
[BlackElo "2877"]
[Result "1/2-1/2"]
[Round "3"]
[TimeControl "180+2"]
[Date "2023.07.25"]
[WhiteClock "0:00:46"]
[BlackClock "0:00:21"]
[Board "35"]

1. e4 c5 2. Nf3 Nc6 3. c3 Nf6 4. e5 Nd5 5. Bc4 Nb6 6. Bb3 g6 7. d4 cxd4 8. cxd4 Bg7 9. h3 d5 10. Nc3 O-O 11. O-O Bf5 12. Be3 Rc8 13. Nh4 Bd7 14. Nxd5 Nxd5 15. Bxd5 e6 16. Bxc6 Bxc6 17. Nf3 Qd5 18. Qb3 Qe4 19. Rfc1 Bd5 20. Qd1 h6 21. b3 a6 22. Rxc8 Rxc8 23. Rc1 Rd8 24. Qc2 Bf8 25. Qxe4 Bxe4 26. Nd2 Bc6 27. f3 g5 28. Ne4 Be7 29. Kf2 Kg7 30. Rc2 Kg6 31. Nc5 Bd5 32. Ne4 Bc6 33. Nc5 Bd5 34. Ne4 Bc6 1/2-1/2


[Site "https://www.chess.com"]